 Dungeon Crawl Stone Soup version 0.30-a0-389-g8d7d949f56 (webtiles) character file.

Game seed: 13574669801843137152

57 spardeous the Ducker (level 3, -4/16 HPs)
             Began as a Felid Transmuter on Dec 4, 2022.
             Slain by an orc
             ... wielding a +0 hand axe
              (5 damage)
             ... on level 3 of the Dungeon.
             The game lasted 00:03:42 (1647 turns).

spardeous the Ducker (Felid Transmuter)             Turns: 1647, Time: 00:03:43

Health: -4/16      AC:  1    Str:  6    XL:     3   Next: 73%
Magic:  6/7        EV: 19    Int: 14    God:
Gold:   173        SH:  0    Dex: 18    Spells: 3/6 levels left
                                        Lives:  0   Deaths: 0

rFire   . . .      SeeInvis +      - Unarmed
rCold   . . .      Faith    .    (shield unavailable)
rNeg    . . .      Spirit   .    (body armour unavailable)
rPois   .          Reflect  .    (helmet unavailable)
rElec   .          Harm     .    (cloak unavailable)
rCorr   .          Rampage  .    (gloves unavailable)
Will    .....                    (boots unavailable)
Stlth   ++........               (no amulet)
HPRegen 0.22/turn                (no ring)
MPRegen 0.10/turn                (no ring)

@: appendages, quick
A: horns 2, very small, claws 1, fangs 3, see invisible, speed 1, shaggy fur 1,
stealthy paws, no weapons or thrown items, no armour, multi-lived
a: End Transformation


You were on level 3 of the Dungeon.
You had temporarily grown beastly horns.
You visited 1 branch of the dungeon, and saw 3 of its levels.

You collected 173 gold pieces.

Inventory:

Wands
 m - a wand of flame (15)
Scrolls
 b - 3 scrolls of identify {unknown}
 c - 2 scrolls of immolation {unknown}
 d - 2 scrolls of teleportation {unknown}
 e - 2 scrolls of fear {unknown}
 g - a scroll of enchant weapon {unknown}
 h - 2 scrolls of noise {unknown}
 i - a scroll of blinking {unknown}
 k - a scroll of fog {unknown}
Potions
 a - 2 potions of lignification
 f - 3 potions of curing {unknown}
 j - a potion of might {unknown}
 l - a potion of berserk rage {unknown}


   Skills:
 + Level 2.6 Fighting
 + Level 4.3 Dodging
 - Level 3.0 Unarmed Combat
 - Level 2.0 Spellcasting
 - Level 2.1 Transmutations


You had 3 spell levels left.
You knew the following spells:

 Your Spells              Type           Power      Damage    Failure   Level
a - Beastly Appendage     Tmut           14%        N/A       10%         1
b - Call Imp              Summ           1%         N/A       34%         2

Your spell library contained the following spells:

 Spells                   Type           Power      Damage    Failure   Level
 Wereblood                Tmut           7%         N/A       14%         2
 Magic Dart               Conj           4%         1d3       24%         1
 Spider Form              Tmut/Pois      4%         N/A       41%         3
 Mephitic Cloud           Conj/Pois/Air  1%         N/A       56%         3
 Ice Form                 Ice/Tmut       4%         N/A       83%         4


Dungeon Overview and Level Annotations

Branches:
Dungeon (3/15)

Altars:


Innate Abilities, Weirdness & Mutations

You have temporarily grown beastly horns.
You have sharp claws.
You have razor-sharp teeth.
You have supernaturally acute eyesight. (SInv)
You cover ground quickly. (Speed+)
You are covered in fur. (AC +1)
Your paws help you pounce on unaware monsters.
You are incapable of wielding weapons or throwing items.
You cannot wear armour.
You gain extra lives every three experience levels.


Message History

The orc hits you with a +1 dagger of venom.
You are poisoned.
You scratch the orc. You headbutt the orc.
You kill the orc!
You feel sick.
No target in view!
No target in view!
You feel sick.
You climb upwards.
You feel sick.
There is a stone staircase leading down here.
You start resting.
You feel sick. x3
You are no longer poisoned.
You start resting.
Your transformation is almost over.
Your horns disappear.
Magic restored.
You start resting.
HP restored.
You climb downwards.
The orc misses you.
There is a stone staircase leading up here.
Casting: Beastly Appendage (safe; 10% risk of failure)
Confirm with . or Enter, or press ? or * to list all spells.
You grow a pair of large bovine horns.
The orc hits you with a +0 hand axe.
You scratch the orc but do no damage. The orc hits you with a +0 hand axe!
You are too injured to fight recklessly!
You are too injured to fight recklessly!
You are too injured to fight recklessly!
You are too injured to fight recklessly!
You scratch the orc but do no damage. You headbutt the orc.
The orc is heavily wounded.
The orc hits you with a +0 hand axe!
* * * LOW HITPOINT WARNING * * *
You barely miss the orc. You headbutt the orc, but do no damage.
Your bite misses the orc.
The orc is heavily wounded.
The orc misses you.
You scratch the orc but do no damage. You bite the orc, but do no damage.
The orc is heavily wounded.
The orc hits you with a +0 hand axe.
You die...

#)..# #####...#
#.......# #.###...#
#.# #...# # ###.#
#...#
.##########...####.##
................##.#
...............)@..#
.##............o..##
###...............#
..#..............^#
#.#........(......#
#.................#
##................#
##...............#
#.†#.....#.....#.


You could see an orc.

Vanquished Creatures
  An adder (D:3)
  3 dart slugs (D:2)
  3 orcs (D:3)
  3 endoplasms
  3 giant cockroaches
  2 goblins
  5 hobgoblins
  4 kobolds
  A quokka (D:1)
  4 ball pythons
  3 bats
  A frilled lizard (D:2)
  2 rats (D:1)
35 creatures vanquished.

Notes
Turn   | Place    | Note
-------+----------+-------------------------------------------
     0 | D:1      | spardeous the Felid Transmuter began the quest for the Orb.
     0 | D:1      | Reached XP level 1. HP: 9/9 MP: 4/4
   175 | D:1      | Reached skill level 3 in Dodging
   397 | D:1      | Reached XP level 2. HP: 12/12 MP: 4/6
   888 | D:2      | Found a faded altar of an unknown god.
   889 | D:2      | Noticed a golden eye
   894 | D:2      | Noticed a shining eye
   899 | D:2      | Noticed a floating eye
   899 | D:2      | Noticed an eye of devastation
  1090 | D:2      | Reached XP level 3. HP: 14/16 MP: 5/7
  1371 | D:2      | Reached skill level 4 in Dodging
  1574 | D:2      | Learned a level 2 spell: Call Imp
  1647 | D:3      | Slain by an orc

Illustrated notes

Levels and vault maps discovered:
D:1:      evilmike_arrival_grusome_pit, layout_basic
D:2:      layout_rooms, hellmonk_ecumenical_altar_watching_god, minmay_3d_cube
D:3:      layout_rooms

Skill      XL: |  1  2  3 |
---------------+----------+-----
Dodging        | 3 4 |  4.3
Fighting       | 2 |  2.6
Unarmed Combat | |  3.0
Spellcasting   | |  2.0
Transmutations | |  2.1

Action                   || total
-------------------------++-------
Melee: Unarmed           ||   105
       Headbutt          ||    15
       Punch             ||     1
       Bite              ||     5
 Cast: Beastly Appendage ||    31
       Call Imp          ||     2
Armor: Skin              ||     4
Dodge: Dodged            ||    68

Table legend: (Time is in decaauts)
 A = Elapsed time spent in this place.
 B = Non-inter-level travel time spent in this place.
 C = Inter-level travel time spent in this place.
 D = Time resting spent in this place.
 E = Time spent auto-exploring this place.
 F = Levels seen in this place.
 G = Mean time per level.
                   A        B        C        D        E       F      G
               +--------+--------+--------+--------+--------+-----+--------+
         Total |   1398 |   1343 |     55 |     70 |    896 |   3 |  466.0 |
       Dungeon |   1398 |   1343 |     55 |     70 |    896 |   3 |  466.0 |
               +--------+--------+--------+--------+--------+-----+--------+

Top non-repeatable levels by time:
     D:1: 619 daAuts
     D:2: 597 daAuts
     D:3: 182 daAuts
